Unix NetHack Version 5.0.0-0 post-release - last build Jul 19 2026 19:10:59 (3aa4ab31751d3886436d94b585a96704892fd477,branch:main).

Game began 2026-07-30 20:39:57, ended 2026-07-30 21:22:19.

IceCreamJones, chaotic female human Rogue

    ---------------       -------
    |(?%/%]?(??[%!|       |.....%####                            -----
    |.............|       |.....|   #    ---------------       ---...---
    ------|--------       |.....|   ####)-.............|       |.......|
          #               -----k-        |.......>......#     --.......--
          #                    @         |.....%)......|#    #........(.|
          #                 %%u#         -----------.---######|.........|
          #                 #                       ####   # #-.........|
          #                 #                          #   #  --.......--
          #                 %                        ##########|*......|
    ------+-----           ######   #            ##### #  #    ---...---
    |..........|        ----.---|--##           ##  ---.-##      --|--
    |..........|   #####-.........|#                |...-#         ##
    |.....{....-%###    |.........|#                |..<|           ####
    |..........|        |.........[#                |...|            --.---
    |..........|        |.........|                 -----            |....|
    ------------        -----------                            ######.....|
                                                                     |....|
                                                                     ------

IceCreamJones the Rogue  St:12 Dx:18 Co:15 In:11 Wi:11 Ch:10  Chaotic
Dlvl:7  $:1  HP:0(47) Pw:16(16) AC:6  Xp:6 T:4269 

Latest messages:
 But wait...
 The werewolf's medallion begins to glow!
 The werewolf looks much better!
 The medallion crumbles to dust!
 The werewolf hits!
 You hit the werewolf!
 You hit the werewolf!
 The werewolf hits!
 You hit the werewolf!
 You hit the werewolf!
 The werewolf hits!
 You hit the werewolf.
 You hit the werewolf!
 The werewolf hits!
 You kill the werewolf!
 #
 Are you sure you want to pray? [yn] (n)
 You begin praying to Kos.
 You are surrounded by a shimmering light.
 The pony picks up a garter snake corpse.
 You finish your prayer.
 You feel that Kos is well-pleased.
 You feel purified.
 You swap places with your pony.
 The pony drops a garter snake corpse.
 You stop.  Your pony is in the way!
 You see here a garter snake corpse.
 You swap places with your pony.
 What do you want to wield? [- ak or ?*]
 You are already wielding that!
 The gnome wields a curved sword!
 The pony drops a garter snake corpse.
 You kill the gnome!
 h - 9 +0 daggers.
 There is a gnome corpse here; eat it? [ynq] (n)
 This gnome corpse tastes okay.
 You stop eating the gnome corpse.
 You hit the kobold lady.
 You hit the kobold lady.
 The kobold lady thrusts one of her daggers.
 The kobold lady hits!
 You hit the kobold lady!
 The kobold lady thrusts one of her daggers.
 The kobold lady hits!
 You die...
 Do you want your possessions identified? [ynq] (y)
 Do you want to see your attributes? [ynq] (y)
 Do you want an account of creatures vanquished? [ynaq] (y)
 Do you want to see your conduct and achievements? [ynq] (y)
 Do you want to see the dungeon overview? [ynq] (y)

Inventory:
 Coins    ('$')
  $ - a gold piece
 Weapons  (')')
  k - 14 +0 darts (at the ready)
  h - 9 +0 daggers
  a - a +0 short sword (weapon in right hand)
 Armor    ('[')
  X - a blessed +0 orcish helm (being worn)
  l - an uncursed +0 orcish helm
  S - an uncursed +0 pair of jumping boots
  D - an uncursed very burnt +0 pair of speed boots (being worn)
  c - an uncursed +1 leather armor (being worn)
 Comestibles  ('%')
  V - an uncursed orange
  g - 6 uncursed tripe rations
  d - an uncursed tin of smoked rock piercer meat
 Potions  ('!')
  e - an uncursed potion of oil
 Rings    ('=')
  Z - an uncursed ring of cold resistance
  A - an uncursed +1 ring of gain constitution
 Wands    ('/')
  f - a wand of create monster (0:0)
  o - a wand of secret door detection (0:11)
  L - a wand of sleep (0:2)
 Tools    ('(')
  n - an uncursed lock pick
  r - an uncursed skeleton key
  R - an uncursed towel

IceCreamJones the Rogue's attributes:

Background:
 You were a Rogue, level 6 female human.
 You were chaotic, on a mission for Kos
 who was opposed by Issek (lawful) and Mog (neutral).
 You were right-handed.
 You were in the Dungeons of Doom, on level 7.
 You entered the dungeon 4269 turns ago.
 There was a full moon in effect when your adventure ended.
 You had 582 experience points, 58 more were needed to attain level 7.

Basics:
 You had 0 out of 47 hit points.
 You had all 16 energy points (spell power).
 Your armor class was 6.
 Your wallet contained 1 zorkmid.
 Autopickup was off.

Final Characteristics:
 Your strength was 12 (limit:18/100).
 Your dexterity was 18 (limit:18).
 Your constitution was 15 (limit:18).
 Your intelligence was 11 (limit:18).
 Your wisdom was 11 (limit:18).
 Your charisma was 10 (limit:18).

Final Status:
 You weren't hungry.
 You were unencumbered.
 You were wielding a short sword.
 You were skilled in short sword.

Final Attributes:
 You were piously aligned.
 You were telepathic.
 You were stealthy.
 You were warded.
 You were very fast.
 You were lucky.
 You are dead.

Miscellaneous:
 You didn't encounter any bones levels.
 Total elapsed playing time was 42 minutes and 20 seconds.

Major events:
 Turn
    1: IceCreamJones the chaotic female human Rogue entered the dungeon
 1283: attained the rank of Cutpurse (level 3)
 1571: entered the Gnomish Mines
 3685: attained the rank of Rogue (level 6)
 4269: killed by a kobold lady

You didn't know any spells.

Skills:
 Fighting Skills
   bare handed combat [Unskilled]
   two weapon combat  [Unskilled]
   riding             [Unskilled]
 Weapon Skills
   dagger             [Basic]
   knife              [Unskilled]
   short sword        [Skilled]
   broadsword         [Unskilled]
   long sword         [Unskilled]
   two-handed sword   [Unskilled]
   saber              [Unskilled]
   club               [Unskilled]
   mace               [Unskilled]
   morning star       [Unskilled]
   flail              [Unskilled]
   hammer             [Unskilled]
   polearms           [Unskilled]
   spear              [Unskilled]
   crossbow           [Unskilled]
   dart               [Unskilled]
   shuriken           [Unskilled]
 Spellcasting Skills
   divination spells  [Unskilled]
   escape spells      [Unskilled]
   matter spells      [Unskilled]

Voluntary challenges:
 Character rerolling was not enabled.
 You never genocided any monsters.
 You never polymorphed an object.
 You never changed form.
 You used no wishes.
Achievements:
 You entered a shop.
 You attained the rank of Cutpurse.
 You entered the Gnomish Mines.
 You attained the rank of Rogue.

 The Dungeons of Doom: levels 1 to 8
    Level 1:
    Level 2:
       A general store, a fountain.
    Level 3:
       An armor shop, a fountain.
    Level 4:
       An armor shop.
       Stairs down to The Gnomish Mines.
    Level 5:
       A wand shop, a grave.
    Level 6:
       A potion shop, a fountain.
    Level 7: <- You were here.
       A general store, a sink.
       Final resting place for
          you, killed by a kobold lady.
    Level 8:
       Many fountains.
 The Gnomish Mines:
    Level 5:


Vanquished creatures:
  a small mimic
  a gnome ruler
  a gold golem
  a werewolf
  a raven
  a gnome mummy
  5 Mordor orcs
  a rock piercer
  a rock mole
  a yellow light
  2 gnomish wizards
  a straw golem
  a giant ant
  2 floating eyes
  a homunculus
  a kobold shaman
  2 rothes
  a centipede
 an orc zombie
  a wererat
 an iguana
  2 coyotes
  a hobbit
  2 large kobolds
  a giant rat
  a red mold
  5 gnomes
  9 garter snakes
  9 geckos
  7 jackals
  a fox
  4 kobolds
  a goblin
  6 sewer rats
  a grid bug
  2 bats
  2 lichens
  3 kobold zombies
  5 newts
90 creatures vanquished.

No species were genocided or became extinct.

Game over:
                       ----------
                      /          \
                     /    REST    \
                    /      IN      \
                   /     PEACE      \
                  /                  \
                  |  IceCreamJones   |
                  |       1 Au       |
                  |   killed by a    |
                  |   kobold lady    |
                  |                  |
                  |                  |
                  |       2026       |
                 *|     *  *  *      | *
        _________)/\\_//(\/(/\)/\//\/|_)_______

Goodbye IceCreamJones the Rogue...

You died in The Dungeons of Doom on dungeon level 7 with 2709 points,
and 1 piece of gold, after 4269 moves.
You were level 6 with a maximum of 47 hit points when you died.

